 Dungeon Crawl Stone Soup version 0.27-a0-1308-gc08437e49b (webtiles) character file.

Game seed: 7115679905442868157

156 freelancePsychic the Charlatan (level 5, 0/38 HPs)
             Began as a Demonspawn Artificer on June 18, 2021.
             Slain by a scorpion (8 damage)
             ... on level 3 of the Dungeon.
             The game lasted 00:07:10 (3941 turns).

freelancePsychic the Charlatan (DsAr)               Turns: 3941, Time: 00:07:11

Health: 0/38       AC:  4    Str: 12    XL:     5   Next: 14%
Magic:  6/6        EV: 11    Int: 13    God:
Gold:   88         SH: 11    Dex: 14    Spells: 5/5 levels left

rFire    . . .     SeeInvis .     - Unarmed
rCold    . . .     Faith    .   a - +0 tower shield
rNeg     . . .     Spirit   .   b - +0 leather armour
rPois    .         Reflect  .   (no helmet)
rElec    .         Harm     .   (no cloak)
rCorr    .         Rampage  .   (no gloves)
Will     .....                  l - +0 pair of boots
Stlth    +.........             (no amulet)
HPRegen  0.12/turn              h - +4 ring of evasion
MPRegen  0.10/turn              (no ring)

@: lethally poisoned (0 -> -5)
A: claws 1, powered by pain 2, spiny 1
a: no special abilities


You were on level 3 of the Dungeon.
You visited 1 branch of the dungeon, and saw 3 of its levels.

You collected 88 gold pieces.

Inventory:

Armour
 a - a +0 tower shield (worn)
 b - a +0 leather armour (worn)
 l - a +0 pair of boots (worn)
Jewellery
 h - a +4 ring of evasion (left claw)
Wands
 d - a wand of charming (15) (quivered)
Scrolls
 i - a scroll of fear {unknown}
 j - a scroll of enchant weapon {unknown}
 k - a scroll of brand weapon {unknown}
 m - a scroll of noise {unknown}
 n - a scroll of silence {unknown}
Potions
 f - a potion of attraction {unknown}
 g - a potion of berserk rage {unknown}
Miscellaneous
 e - a piece from Xom's chessboard (15/15)


   Skills:
 - Level 1.9 Fighting
 - Level 1.7 Armour
 - Level 1.5 Dodging
 - Level 0.8 Stealth
 + Level 2.2 Shields
 + Level 2.3 Unarmed Combat
 - Level 0.6 Spellcasting
 - Level 1.1 Conjurations
 - Level 3.0 Evocations


You had 5 spell levels left.
You didn't know any spells.
Your spell library contained the following spells:

 Spells                   Type           Power      Damage    Failure   Level
 Magic Dart               Conj           12%        1d3       99%         1
 Freeze                   Ice            0%         1d3       100%        1
 Searing Ray              Conj           6%         3d3       100%        2
 Dazzling Flash           Conj/Hex       2%         N/A       100%        3
 Frozen Ramparts          Ice            0%         1d2       100%        3
 Ozocubu's Armour         Ice            0%         N/A       100%        3
 Fulminant Prism          Conj/Hex       0%         3d6       100%        4
 Hailstorm                Conj/Ice       1%         3d3       100%        4
 Iskenderun's Mystic Bla  Conj/Tloc      1%         2d3       100%        4
 Metabolic Englaciation   Hex/Ice        0%         N/A       100%        5


Dungeon Overview and Level Annotations

Branches:
Dungeon (3/15)

Altars:

Shops:
D:2 !(*:?   D:3 =


Innate Abilities, Weirdness & Mutations

You have sharp fingernails.
You sometimes gain power by taking damage.
You are partially covered in sharp spines.


Message History

Aim: a scorpion (moderately wounded, 71% to hit)
The puff of flame misses the scorpion.
The puff of flame hits the orc.
The orc is heavily wounded.
You block the scorpion's attack.
Aiming: Throw Flame
Press: ? - help, Q - select action, (/) - cycle Shift-Dir - straight line, f/p - scorpion
Aim: a scorpion (moderately wounded, 71% to hit)
The puff of flame hits the scorpion.
The scorpion is severely wounded.
The scorpion stings you.
You are poisoned.
The scorpion poisons you! The scorpion is struck by your spines.
The scorpion stings you.
Aiming: Throw Flame
Press: ? - help, Q - select action, (/) - cycle Shift-Dir - straight line, f/p - scorpion
Aim: a scorpion (severely wounded, 71% to hit)
The puff of flame hits the scorpion but does no damage.
The scorpion is severely wounded.
You feel very sick. You block the scorpion's attack.
Aiming: Throw Flame
Press: ? - help, Q - select action, (/) - cycle Shift-Dir - straight line, f/p - scorpion
Aim: a scorpion (severely wounded, 71% to hit)
The puff of flame hits the scorpion.
The scorpion is severely wounded.
* * * LOW HITPOINT WARNING * * *
You feel very sick. You block the scorpion's attack.
Aiming: Throw Flame
Press: ? - help, Q - select action, (/) - cycle Shift-Dir - straight line, f/p - scorpion
Aim: a scorpion (severely wounded, 71% to hit)
The puff of flame misses the scorpion.
The puff of flame hits the orc.
You kill the orc!
The now-empty wand crumbles to dust.
You feel sick. You block the scorpion's attack.
You scratch the scorpion but do no damage.
The scorpion is severely wounded.
You feel sick. You block the scorpion's attack.
The scorpion is struck by your spines. The scorpion stings you!
You die...

..# ...## ..# #.. #
#..# ..# #..
#.##.######### ..# #..
#(.'.......... ..# #..
#.##.######### ..# #..
###......... ### . #..
####.......)... ##
....##)##.......∩......
.#
......)s@.####.........
.## ....#######
#......... ..# .
#......... #.##
#......... #..#
#........ ##.#
########### #.# #....
#.####+## ########.###
#..#....# #........#


You could see a scorpion.

Vanquished Creatures
  8 adders
  4 dart slugs
  3 orcs (D:3)
  6 bats
  7 endoplasms
  3 giant cockroaches
  8 goblins
  6 hobgoblins
  4 jackals
  5 kobolds
  4 quokkas
  2 ball pythons
  2 frilled lizards
  6 rats
68 creatures vanquished.

Vanquished Creatures (others)
  6 plants (D:2)
6 creatures vanquished.

Grand Total: 74 creatures vanquished

Notes
Turn   | Place    | Note
-------+----------+-------------------------------------------
     0 | D:1      | freelancePsychic the Demonspawn Artificer began the quest
                  | for the Orb.
     0 | D:1      | Reached XP level 1. HP: 15/15 MP: 1/1
    22 | D:1      | Reached skill level 1 in Dodging
   393 | D:1      | Gained mutation: You sometimes gain a little power by
                  | taking damage. [demonic ancestry]
   393 | D:1      | Reached XP level 2. HP: 12/21 MP: 2/2
  1051 | D:1      | Reached skill level 1 in Conjurations
  1253 | D:1      | Gained mutation: You have sharp fingernails. [demonic
                  | ancestry]
  1253 | D:1      | Reached XP level 3. HP: 15/27 MP: 2/4
  1759 | D:2      | Found Fim Yqipp's Book Shop.
  1759 | D:2      | Found Syclupof's Magic Scroll Shop.
  2210 | D:2      | Reached skill level 1 in Unarmed Combat
  2210 | D:2      | Found Ygrapsas's Distillery.
  2335 | D:2      | Found Bidaab's Weapon Shop.
  2341 | D:2      | Found Onteonet's Assorted Antiques.
  2643 | D:2      | Found a faded altar of an unknown god.
  2652 | D:2      | Reached skill level 1 in Shields
  2786 | D:2      | Gained mutation: You are partially covered in sharp spines.
                  | [demonic ancestry]
  2786 | D:2      | Reached XP level 4. HP: 7/33 MP: 5/5
  3658 | D:3      | Identified a scroll of acquirement
  3658 | D:3      | Acquired a +4 ring of evasion
  3905 | D:3      | Found Atuum's Jewellery Boutique.
  3914 | D:3      | Noticed a scorpion
  3927 | D:3      | Gained mutation: You sometimes gain power by taking damage.
                  | [demonic ancestry]
  3927 | D:3      | Reached XP level 5. HP: 28/38 MP: 6/6
  3941 | D:3      | Slain by a scorpion

Illustrated notes

Levels and vault maps discovered:
D:1:      ebering_hopf_link, layout_loops_corners
D:2:      layout_loops_ring, hellmonk_ecumenical_altar_slurped_away,
          serial_shops, shop, shop, shop, shop, shop, serial_bayou_ford_a
D:3:      layout_basic, serial_shops, shop, minmay_divided_ellipse

Skill      XL: |  1  2  3  4 |
---------------+-------------+-----
Dodging        | 1 |  1.5
Conjurations   | 1 |  1.1
Unarmed Combat | 1 2 |  2.3
Shields        | 1 2 |  2.2
Fighting       | |  1.9
Armour         | |  1.7
Stealth        | |  0.8
Spellcasting   | |  0.6
Evocations     | |  3.0

Action                   |  1- 3 |  4- 6 || total
-------------------------+-------+-------++-------
Melee: Club              |   103 |       ||   103
       Unarmed           |    79 |    68 ||   147
Evoke: Wand              |     8 |     7 ||    15
  Use: Scroll            |       |     1 ||     1
 Stab: Sleeping          |     2 |       ||     2
Armor: Leather armour    |    60 |    10 ||    70
Dodge: Dodged            |    92 |    28 ||   120
Block: Tower shield      |    42 |    50 ||    92

Table legend: (Time is in decaauts)
 A = Elapsed time spent in this place.
 B = Non-inter-level travel time spent in this place.
 C = Inter-level travel time spent in this place.
 D = Time resting spent in this place.
 E = Time spent auto-exploring this place.
 F = Levels seen in this place.
 G = Mean time per level.
                   A        B        C        D        E       F      G
               +--------+--------+--------+--------+--------+-----+--------+
         Total |   4043 |   4015 |     28 |    212 |   3187 |   3 | 1347.7 |
       Dungeon |   4043 |   4015 |     28 |    212 |   3187 |   3 | 1347.7 |
               +--------+--------+--------+--------+--------+-----+--------+

Top non-repeatable levels by time:
     D:1: 1789 daAuts
     D:2: 1739 daAuts
     D:3: 514 daAuts
